 Dungeon Crawl Stone Soup version 0.21-a0-641-geef9d7f (webtiles) character file.

4463 bappy the Spear-Bearer (level 10, -3/85 HPs)
             Began as a Merfolk Chaos Knight on Dec 30, 2017.
             Slain by a warg (8 damage)
             ... on level 11 of the Dungeon.
             The game lasted 00:27:39 (6462 turns).

bappy the Spear-Bearer (Merfolk Chaos Knight)       Turns: 6462, Time: 00:27:40

Health: -3/85      AC: 13    Str: 14    XL:     10   Next: 37%
Magic:  10/10      EV: 14    Int: 12    God:    Xom [.....*]
Gold:   336        SH:  0    Dex: 13    Spells: 7/9 levels left

rFire    . . .     SeeInvis .   s - +4 trident (flame)
rCold    . . .     Gourm    .   (no shield)
rNeg     . . .     Faith    .   i - +4 ring mail
rPois    .         Spirit   .   (no helmet)
rElec    .         Reflect  .   q - +0 cloak
rCorr    .         Harm     .   (no gloves)
MR       .....                  (boots currently unavailable)
Stlth    ++........             t - amulet of regeneration
HPRegen  0.24/turn              (no ring)
MPRegen  0.12/turn              (no ring)

@: very quick
A: change form in water, swift swim, stealthy swim, slimy green scales 1, clumsy
1, wild magic 1
a: Renounce Religion


You were on level 11 of the Dungeon.
You worshipped Xom.
You were Xom's teddy bear.
You were not hungry.

You visited 1 branch of the dungeon, and saw 11 of its levels.

You collected 336 gold pieces.

Inventory:

Hand Weapons
 g - a +0 arbalest
 s - a +4 trident of flaming (weapon)
 v - a +2 scimitar of slicing
 B - a +1 flail of protection
Missiles
 n - 185 stones (quivered)
Armour
 i - a +4 ring mail (worn)
 j - a +1 scale mail of magic resistance
 q - a +0 cloak (worn)
 A - a +0 robe of fire resistance
Jewellery
 h - an uncursed ring of fire
 t - an amulet of regeneration (around neck)
Wands
 d - a wand of paralysis (14)
Scrolls
 l - a scroll of amnesia
 p - 3 scrolls of immolation
 u - 3 scrolls of remove curse
Potions
 a - a potion of resistance {unknown}
 b - a potion of lignification {unknown}
 x - 2 potions of invisibility {unknown}
 z - 2 potions of mutation {unknown}
Books
 k - a book of Power

   Spells                             Type                      Level
   a - Iskenderun's Battlesphere      Conjuration/Charms           5
   b - Venom Bolt                     Conjuration/Poison           5
   c - Bolt of Magma                  Conjuration/Fire/Earth       5
   d - Iron Shot                      Conjuration/Earth            6
   e - Orb of Destruction             Conjuration                  7
   f - Spellforged Servitor           Conjuration/Summoning        7
 w - a book of Minor Magic

   Spells                             Type                      Level
   a - Magic Dart                     Conjuration                  1
   b - Blink                          Translocation                2
   c - Call Imp                       Summoning                    2
   d - Slow                           Hexes                        2
   e - Conjure Flame                  Conjuration/Fire             3
   f - Mephitic Cloud                 Conjuration/Poison/Air       3
Comestibles
 c - 7 rations


   Skills:
 * Level 9.9 Fighting
 * Level 13.9 Polearms
 - Level 5.5 Armour
 - Level 2.6 Dodging


You had 7 spell levels left.
You knew the following spells:

 Your Spells              Type           Power        Failure   Level  Hunger
a - Blink                 Tloc           N/A          75%         2    ###....


Dungeon Overview and Level Annotations

Branches:
Dungeon (11/15)            Temple (0/1) D:4            Lair (0/6) D:10
    Orc (0/2) D:11

Altars:
Nemelex Xobeh
Okawaru
Qazlal

Annotations:
D:6 mopl's ghost, novice DsWn
D:7 Regeox's ghost, novice HOFi
D:8 Gastronok
D:9 Maurice
D:11 Erolcha; Sonja


Innate Abilities, Weirdness & Mutations

You revert to your normal form in water.
You are very nimble and swift while swimming.
You are very stealthy in the water. (Stealth+)
You are partially covered in slimy green scales. (AC +2)
You are clumsy. (Dex -2)
Your spells are a little harder to cast, but a little more powerful.


Message History

An orc comes into view. It is wielding a hand axe.
The boggart mumbles some strange words.
The orc shouts!
You hear a shout!
The orc shouts!
The warg howls!
The orc shouts!
You hear a shout!
The orc throws a tomahawk.
The tomahawk hits you.
* * * LOW HITPOINT WARNING * * *
You hear a splash.
You see here a tomahawk.
The orc throws a tomahawk.
The tomahawk completely misses you.
You hear a splash.
You see here a tomahawk. "Here."
Something appears before you!
You hear a splash.
You see here a book of Conjurations.
You see here a book of Conjurations.
The warg bites you!
You die...
Xom titters!

,o,,,o,,',*,,,,,,#.≈≈≈..P.#
######********##o#.≈≈≈....#
...#..,,,,,,,,.#.#.≈≈≈....#
...'..,,,,,,,,,'.#.≈≈≈....#
.o.#..,,,,,,,,,#'###≈≈....#
'''#############...#≈≈P...#
.....o(........#..o#≈≈....#
...(≈≈≈≈≈≈≈≈≈≈≈#####≈≈....#
...≈≈≈≈≈≈≈≈≈≈≈≈≈@:((≈≈....#
...≈≈≈≈≈≈≈≈≈≈≈≈≈ho≈≈o≈...P#
..........................#
..<..............##########
.........###.....#
.........#,#...o.#****
#######..#,####...,,,*
,,,,,,*,,*,,,,#...,,,*
,,,,,,*,,*,,,,*,,,,,,*


You could see a warg and 4 orcs.

Vanquished Creatures
  A centaur zombie (D:10)
  A troll (D:9)
  2 yaks (D:7)
  2 hogs (D:7)
  A human (D:7)
  6 wargs (D:11)
  Edmund (D:5)
  A phantom (D:8)
  An ice beast (D:5)
  A necrophage (D:5)
  A crocodile (D:7)
  Blork the orc (D:5)
  3 bullfrogs
  2 scorpions
  6 killer bees
  2 wights (D:6)
  3 howler monkeys
  2 crimson imps
  7 orc priests
  2 hounds (D:4)
  2 bullfrog skeletons (D:7)
  2 centaur skeletons
  6 orc wizards
  An iguana (D:4)
  7 worker ants
  2 hound zombies
  A howler monkey zombie (D:10)
  A hound skeleton (D:4)
  9 gnolls
  10 adders
  A river rat (D:3)
  2 oozes
  An adder zombie (D:5)
  5 worms
  A dart slug (D:3)
  5 leopard geckos
  35 orcs
  A ball python (D:2)
  7 giant cockroaches
  5 goblins
  6 hobgoblins
  13 jackals
  2 quokkas
  10 bats
  4 frilled lizards
  A jackal skeleton (D:4)
  A jackal zombie (D:6)
  5 kobolds
  2 rats
194 creatures vanquished.

Vanquished Creatures (collateral kills)
  An orc wizard (D:5)
  An adder zombie (D:5)
  An orc (D:5)
3 creatures vanquished.

Vanquished Creatures (others)
  A warg (D:11)
  2 wolves (D:9)
  2 wights (D:6)
  A bullfrog zombie (D:9)
  A bullfrog skeleton (D:9)
  An adder (D:11)
  A shadow imp (D:9)
  2 orcs (D:11)
  A ball python (D:2)
  A kobold (D:2)
  2 plants (D:11)
15 creatures vanquished.

Grand Total: 212 creatures vanquished

Notes
Turn   | Place    | Note
-------+----------+-------------------------------------------
     0 | D:1      | bappy the Merfolk Chaos Knight began the quest for the Orb.
     0 | D:1      | Reached XP level 1. HP: 18/18 MP: 1/1
     2 | D:1      | Noticed an ogre
     2 | D:1      | Noticed a gargoyle
     4 | D:1      | Noticed a vine stalker
     4 | D:1      | Noticed a vampire
     6 | D:1      | Noticed a tengu
     6 | D:1      | Noticed a demigod
     8 | D:1      | Noticed a centaur
     8 | D:1      | Noticed a troll
    10 | D:1      | Noticed a ghoul
    10 | D:1      | Noticed a dwarf
    12 | D:1      | Noticed a formicid
    12 | D:1      | Noticed a demonspawn
    14 | D:1      | Noticed a merfolk
    16 | D:1      | Noticed a human
    16 | D:1      | Noticed a draconian
    18 | D:1      | Noticed a naga
    20 | D:1      | Noticed a felid
    22 | D:1      | Noticed an octopode
    22 | D:1      | Noticed a spriggan
    24 | D:1      | Noticed an elf
    24 | D:1      | Noticed a halfling
    26 | D:1      | Noticed a minotaur
   183 | D:1      | Reached skill level 5 in Polearms
   183 | D:1      | Reached XP level 2. HP: 24/24 MP: 2/2
   616 | D:1      | XOM: harmless Tloc miscast
   625 | D:1      | XOM: harmless Erth miscast
   692 | D:2      | XOM is BORED!
   692 | D:2      | XOM: harmless Chrm miscast
   762 | D:2      | Reached skill level 6 in Polearms
   762 | D:2      | Reached XP level 3. HP: 29/29 MP: 3/3
   871 | D:2      | XOM: noise
   874 | D:2      | Reached XP level 4. HP: 16/37 MP: 4/4
  1100 | D:2      | XOM: 2-stop teleportation journey
  1192 | D:2      | XOM: god gift: scroll labeled ICWOEM OTIM {god gift}
  1214 | D:2      | Found a stormy altar of Qazlal.
  1519 | D:3      | Reached skill level 7 in Polearms
  1650 | D:3      | XOM: confusion (+ monsters)
  1676 | D:3      | Reached XP level 5. HP: 37/42 MP: 5/5
  1685 | D:3      | XOM: 2-stop teleportation journey
  1898 | D:3      | XOM: cleaving
  1932 | D:3      | XOM: polymorph orc wizard -> bullfrog
  1936 | D:3      | Reached skill level 8 in Polearms
  1936 | D:3      | Reached XP level 6. HP: 30/50 MP: 6/6
  2166 | D:3      | Found an iron altar of Okawaru.
  2191 | D:4      | XOM: cast spell 'Metabolic Englaciation'
  2193 | D:4      | XOM: polymorph worker ant -> adder
  2229 | D:3      | XOM: noise
  2248 | D:3      | Reached skill level 5 in Fighting
  2260 | D:3      | XOM: polymorph hound -> river rat
  2271 | D:3      | XOM: harmless Tmut miscast
  2734 | D:4      | Reached skill level 1 in Armour
  2734 | D:4      | Reached XP level 7. HP: 56/59 MP: 7/7
  2975 | D:4      | Found a sparkling altar of Nemelex Xobeh.
  3067 | D:4      | Found a staircase to the Ecumenical Temple.
  3147 | D:5      | Entered Level 5 of the Dungeon
  3253 | D:5      | XOM: enchant monster (good)
  3259 | D:5      | XOM: divination: detect creatures
  3291 | D:5      | Reached XP level 8. HP: 44/62 MP: 8/8
  3303 | D:5      | Noticed Edmund
  3308 | D:5      | XOM: confuse monster(s)
  3312 | D:5      | XOM: potion effect (invisibility)
  3321 | D:5      | XOM: cleaving
  3333 | D:5      | Noticed Blork the orc
  3333 | D:5      | Killed Edmund
  3346 | D:5      | Killed Blork the orc
  3357 | D:5      | XOM: snakes to sticks
  3362 | D:5      | Reached skill level 5 in Armour
  3662 | D:6      | XOM: stealth player
  3697 | D:6      | Noticed mopl's ghost (novice DsWn)
  3864 | D:6      | XOM: destruction
  3877 | D:6      | XOM: fog
  3880 | D:6      | XOM: summons friendly ufetubus
  3941 | D:7      | XOM: give mutations
  3941 | D:7      | Gained mutation: You are partially covered in slimy green scales. (AC +2) [Xom's grace]
  3941 | D:7      | Gained mutation: Your movements are slightly less encumbered by armour. (ER -2) [Xom's grace]
  3941 | D:7      | Gained mutation: You have a pair of small antennae on your head. [Xom's grace]
  3941 | D:7      | Gained mutation: Your spells are a little harder to cast, but a little more powerful. [Xom's grace]
  4090 | D:7      | XOM: cloud trail
  4158 | D:7      | Noticed a yak
  4161 | D:7      | Noticed a yak
  4168 | D:7      | XOM: cast spell 'Olgreb's Toxic Radiance'
  4172 | D:7      | Reached skill level 9 in Polearms
  4173 | D:7      | XOM: fake destruction
  4177 | D:7      | Killed a yak
  4183 | D:7      | Reached XP level 9. HP: 55/72 MP: 9/9
  4205 | D:7      | Reached skill level 10 in Polearms
  4245 | D:7      | XOM: swap monsters
  4249 | D:7      | XOM: fog
  4411 | D:7      | Learned a level 2 spell: Blink
  4594 | D:7      | Noticed Regeox's ghost (novice HOFi)
  4652 | D:7      | Reached skill level 11 in Polearms
  4879 | D:8      | XOM: harmless Tmut miscast
  4881 | D:8      | XOM: chaos upgrade
  4902 | D:7      | XOM: harmless Air miscast
  4909 | D:7      | XOM: mild Necr miscast
  5034 | D:7      | XOM: noise
  5061 | D:8      | Noticed Gastronok
  5076 | D:8      | XOM: torment (39/75 hp)
  5303 | D:8      | XOM: noise
  5313 | D:9      | Reached skill level 12 in Polearms
  5331 | D:9      | XOM: give mutations
  5331 | D:9      | Gained mutation: You are clumsy. (Dex -2) [Xom's mischief]
  5331 | D:9      | Lost mutation: You have a pair of small antennae on your head. [Xom's mischief]
  5453 | D:9      | Noticed a troll
  5468 | D:9      | Killed a troll
  5482 | D:9      | XOM: repel stairs
  5521 | D:10     | Entered Level 10 of the Dungeon
  5524 | D:10     | XOM: stat loss: -1 Int (10/11)
  5531 | D:10     | Reached skill level 13 in Polearms
  5531 | D:10     | Reached XP level 10. HP: 68/83 MP: 10/10
  5557 | D:10     | Noticed a death yak
  5559 | D:10     | Found a staircase to the Lair.
  5560 | D:10     | Noticed a death yak
  5561 | D:10     | Noticed a death yak
  5579 | D:9      | Noticed Maurice
  5587 | D:9      | Noticed a two-headed ogre
  5739 | D:10     | Noticed a cyclops
  5772 | D:11     | Found a staircase to the Orcish Mines.
  5795 | D:11     | Noticed Erolcha
  5798 | D:11     | XOM: chaos upgrade
  5815 | D:11     | XOM: divination: detect items
  5829 | D:11     | XOM: divination: magic mapping
  5836 | D:11     | XOM: divination: detect creatures
  5853 | D:11     | XOM: enchant monster (good)
  5989 | D:11     | XOM: chaos cloud
  5994 | D:11     | Paralysed by you for 3 turns
  5996 | D:11     | XOM: polymorph orc -> adder
  6000 | D:11     | XOM: harmless Necr miscast
  6001 | D:11     | XOM: destruction
  6030 | D:11     | XOM: smoke on damage
  6139 | D:11     | XOM: give mutation
  6139 | D:11     | Lost mutation: Your movements are slightly less encumbered by armour. (ER -2) [Xom's mischief]
  6253 | D:11     | XOM: summons 4 hostile demons
  6286 | D:11     | XOM: 8-stop teleportation journey
  6378 | D:11     | Noticed Sonja
  6382 | D:11     | XOM: cast spell 'Cause Fear'
  6391 | D:11     | XOM: 1-stop teleportation journey
  6439 | D:11     | HP: 2/85 [warg (6)]
  6440 | D:11     | XOM: confuse monster(s)
  6452 | D:11     | XOM: polymorph warg -> boggart
  6459 | D:11     | HP: 4/85 [orc/tomahawk (2)]
  6461 | D:11     | XOM: god gift: book of Conjurations
  6462 | D:11     | Slain by a warg

Vault maps used:
D:1:      kb_arrival_jail
D:2:      grunt_qazlal_clouds
D:3:      okawaru_metal_pillars_1_2, first_ration, columned_hall_lemuel,
          minmay_crystal_room, minmay_three_crescents
D:4:      lemuel_temple_firewalk_a, nemelex_altar_shiori
D:5:      serial_shops, nicolae_shop_stone, minmay_item_behind_shaft, uniq_ijyb,
          uniq_crazy_yiuf_cottage, uniq_blork_the_orc, uniq_edmund
D:7:      nicolae_overflow_hidden_temple, grunt_livestock
D:8:      lemuel_coloured_pillars_altar, lemuel_flamethrower_1, uniq_gastronok
D:9:      fiery_altar_vehumet, nicolae_dithmenos_the_darkroom, uniq_maurice,
          uniq_grum
D:10:     dpeg_lair_monsters, basic_altar, serial_shops,
          nicolae_shop_statue_plus, st_stairs_8
D:11:     lemuel_castle_with_subvaults, orc_0_dummy, enter_bailey_3, uniq_sonja,
          uniq_erolcha

Skill      XL: |  1  2  3  4  5  6  7  8  9 |
---------------+----------------------------+-----
Polearms       | 5 6 7 8 9 13 | 13.9
Fighting       | 4 6 7 9 |  9.9
Armour         | 1 3 5 |  5.5
Dodging        | |  2.6

Action                   |  1- 3 |  4- 6 |  7- 9 | 10-12 || total
-------------------------+-------+-------+-------+-------++-------
Melee: Spear             |    84 |   225 |    20 |       ||   329
       Scimitar          |       |       |    93 |       ||    93
       Trident           |       |       |   211 |   114 ||   325
       Tailslap          |       |       |       |     9 ||     9
       Unarmed           |       |       |       |     4 ||     4
Throw: Javelin           |     6 |    17 |     4 |       ||    27
       Stone             |       |     9 |    17 |     8 ||    34
  Use: Scroll            |     3 |     5 |    11 |    14 ||    33
       Potion            |       |     2 |     5 |     1 ||     8
 Stab: Petrifying        |     1 |       |       |       ||     1
       Distracted        |     1 |       |       |       ||     1
       Sleeping          |     1 |       |       |       ||     1
       Confused          |       |     3 |       |       ||     3
       Paralysed         |       |     1 |       |     1 ||     2
       Invisible         |       |       |    10 |     1 ||    11
  Eat: Chunk             |       |     6 |     1 |       ||     7
       Ration            |       |       |     3 |     1 ||     4
Armor: Leather armour    |    13 |    33 |       |       ||    46
       Scale mail        |       |    44 |       |       ||    44
       Ring mail         |       |     3 |   139 |    26 ||   168
Dodge: Dodged            |    31 |    91 |   186 |    58 ||   366
       Rpst.: Scimitar   |       |       |    17 |       ||    17

Table legend:
 A = Spawn XP
 B = Non-spawn XP
 C = Spawn XP percentage of total XP
 D = Spawn monster count
 E = Non-spawn monster count
 F = Spawn count percentage of total count
 G = Total turns spent on level
                    A         B        C        D         E        F      G
               +---------+---------+-------+---------+---------+-------+---------
         Total |       0 |    6377 |   0.0 |       0 |     197 |   0.0 |  6462
               +---------+---------+-------+---------+---------+-------+---------
           D:1 |       0 |      29 |   0.0 |       0 |      14 |   0.0 |   631
           D:2 |       0 |      86 |   0.0 |       0 |      24 |   0.0 |   880
           D:3 |       0 |     305 |   0.0 |       0 |      31 |   0.0 |   785
           D:4 |       0 |     359 |   0.0 |       0 |      18 |   0.0 |   851
           D:5 |       0 |     903 |   0.0 |       0 |      27 |   0.0 |   515
           D:6 |       0 |     113 |   0.0 |       0 |       3 |   0.0 |   228
           D:7 |       0 |    1892 |   0.0 |       0 |      30 |   0.0 |  1050
           D:8 |       0 |     233 |   0.0 |       0 |       8 |   0.0 |   361
           D:9 |       0 |     703 |   0.0 |       0 |      10 |   0.0 |   240
          D:10 |       0 |     484 |   0.0 |       0 |       2 |   0.0 |   221
          D:11 |       0 |    1270 |   0.0 |       0 |      30 |   0.0 |   700
               +---------+---------+-------+---------+---------+-------+---------
